Map: 16-Bit LE

Players

Cirrus

  • Race: Terran Terran
  • League: Master
  • Spawn Location: 7:00

Starlord - Winner!

  • Race: Terran Terran
  • League: Grandmaster
  • Spawn Location: 1:00

VOD

Have the link to the VOD?

Description

Time

  • Played on: May 27, 2018, 7:58 p.m.
  • Length: 9:59
Show
View Real Time Build Order
Export as new Build Order

Cirrus Terran 

Build Orders: MMM Bio 

Get SALT Encoding   

  12  0:00  SCV  
  13  0:12  SCV  
  14  0:18  Supply Depot  
  14  0:24  SCV  
  15  0:40  SCV  
  15  0:42  Barracks  
  16  0:46  Refinery  
  16  0:52  SCV  
  18  1:04  SCV  
  18  1:16  SCV  
  19  1:25  Barracks  
  19  1:29  Orbital Command  
  19  1:30  Reaper  
  20  1:37  Supply Depot  
  20  1:55  SCV  
  20  1:59  Bunker  
  21  2:02  Reaper  
  21  2:07  SCV  
  22  2:12  Reaper  
  23  2:19  SCV  
  24  2:32  SCV  
  24  2:34  Command Center  
  25  2:40  Reaper  
  26  2:52  Reaper  
  26  2:53  SCV  
  26  2:56  Refinery  
  28  2:59  Barracks  
  28  3:05  SCV  
  29  3:12  Marine  
  30  3:17  SCV  
  31  3:30  SCV  
  31  3:32  Supply Depot  
  31  3:34  Reaper x2  
  31  3:42  SCV  
  31  3:48  Barracks Tech Lab  
  32  3:54  SCV  
  33  4:06  SCV  
  33  4:08  Marine  
  35  4:10  Factory  
  35  4:15  Stimpack, Marine x2  
  37  4:18  SCV  
  38  4:30  SCV  
  40  4:35  Orbital Command  
  39  4:40  Marine x2  
  39  4:42  SCV  
  42  4:55  SCV, Starport  
  42  4:59  Factory Reactor  
  43  5:04  SCV, Engineering Bay  
  43  5:07  SCV  
  40  5:16  SCV  
  40  5:19  SCV  
  40  5:27  Marine x2  
  42  5:28  SCV  
  42  5:31  SCV  
  44  5:41  SCV  
  43  5:44  SCV  
  41  5:53  SCV  
  41  5:55  Marine  
  41  5:56  SCV  
  44  6:02  Marine  
  45  6:05  SCV  
  45  6:08  SCV  
  45  6:10  Factory Tech Lab  
  47  6:13  Medivac, Marine  
  47  6:14  Marine  
  47  6:17  SCV  
  54  6:19  Combat Shields  
  54  6:20  SCV, Marine  
  54  6:25  Missile Turret  
  54  6:26  Viking  
  54  6:29  SCV  
  54  6:32  SCV  
  49  6:41  SCV  
  49  6:44  SCV  
  51  6:53  SCV  
  52  7:07  SCV  
  53  7:11  Marine  
  53  7:14  SCV  
  53  7:19  SCV  
  53  7:26  SCV  
  53  7:27  Marine  
  53  7:29  Missile Turret  
  51  7:33  SCV  
  52  7:38  SCV  
  53  7:45  SCV  
  53  7:50  SCV  
  55  7:51  Marine  
  55  7:54  Marine x2  
  55  7:57  SCV  
  59  8:02  SCV  
  59  8:08  Siege Tank  
  59  8:09  SCV, Marine  
  59  8:12  Marine  
  62  8:17  Marine  
  61  8:22  Medivac, Supply Depot  
  56  8:27  Supply Depot  
  56  8:32  Marine x2  
  58  8:35  SCV  
  58  8:36  SCV  
  58  8:38  Command Center  
  58  8:39  Refinery  
  58  8:40  Refinery  
  60  8:44  Siege Tank  
  60  8:48  SCV  
  64  8:53  SCV  
  65  9:05  Marine  
  65  9:06  Medivac, Marine x2  
  65  9:07  SCV  
  65  9:08  SCV  
  70  9:20  SCV x2  
  70  9:23  Marine x2  
  64  9:31  Marine  
  64  9:32  SCV x2  
  66  9:44  SCV x2  
Show
View Real Time Build Order
Export as new Build Order

Starlord Terran - Winner!

Build Orders: MMM Bio 

Get SALT Encoding   

  12  0:01  SCV  
  13  0:13  SCV  
  14  0:18  Supply Depot  
  14  0:26  SCV  
  15  0:39  SCV  
  15  0:42  Barracks  
  16  0:48  Refinery  
  16  0:52  SCV  
  17  1:05  Barracks  
  17  1:09  SCV  
  18  1:22  SCV  
  19  1:33  Reaper  
  19  1:34  Orbital Command  
  20  1:55  Reaper  
  20  2:01  Supply Depot  
  21  2:08  Reaper  
  22  2:09  SCV  
  23  2:22  Command Center  
  23  2:28  Refinery  
  23  2:30  SCV  
  23  2:33  Reaper  
  25  2:42  SCV  
  26  2:54  SCV  
  27  3:02  Factory  
  27  3:07  SCV  
  27  3:08  Supply Depot  
  27  3:24  Reaper  
  28  3:28  SCV  
  29  3:43  SCV  
  29  3:46  Starport  
  29  3:48  Cyclone  
  33  3:50  Orbital Command  
  33  3:52  Refinery  
  33  3:54  Supply Depot  
  33  3:55  SCV  
  33  4:07  SCV  
  34  4:18  SCV  
  34  4:19  SCV  
  36  4:25  Cyclone  
  36  4:26  Starport Tech Lab  
  36  4:28  Barracks  
  40  4:38  SCV  
  40  4:45  Barracks  
  40  4:47  Barracks  
  40  4:48  Cloaking Field  
  40  4:49  Banshee  
  40  4:50  SCV  
  40  4:52  SCV  
  45  4:59  Marine  
  46  5:03  SCV  
  47  5:07  SCV  
  47  5:11  Cyclone  
  50  5:23  Marine  
  50  5:24  SCV  
  50  5:25  SCV  
  53  5:28  Barracks Tech Lab  
  53  5:33  Engineering Bay  
  52  5:36  SCV  
  52  5:37  Barracks  
  54  5:45  SCV  
  53  5:50  SCV  
  53  5:51  Barracks Reactor x2  
  53  5:52  Stimpack, Marine  
  53  5:57  SCV  
  53  5:59  Supply Depot  
  53  6:02  SCV  
  53  6:03  Banshee  
  58  6:04  Barracks  
  58  6:08  Factory Tech Lab  
  58  6:09  SCV  
  58  6:10  Terran Infantry Weapons Level 1  
  59  6:16  SCV  
  60  6:21  Supply Depot  
  60  6:30  SCV  
  61  6:45  SCV  
  61  6:46  SCV  
  63  6:56  Barracks Reactor, Marine x2, Supply Depot  
  63  6:57  SCV, Barracks Reactor, Marine x2  
  63  6:59  Siege Tank  
  63  7:00  Supply Depot  
  71  7:06  Command Center  
  70  7:11  Marine  
  70  7:14  Marine x2  
  73  7:17  Banshee  
  73  7:18  Marine x2  
  75  7:29  Marine  
  75  7:31  Siege Tank  
  75  7:32  Marine x2  
  75  7:33  Supply Depot  
  75  7:35  Marine  
  75  7:36  Marine, Supply Depot  
  80  7:42  Command Center, Marine x2  
  77  7:50  Marine  
  78  7:53  Combat Shields  
  78  7:56  SCV  
  78  7:57  SCV  
  77  8:00  Marine x2  
  78  8:13  Marine  
  78  8:14  Marine x2  
  78  8:15  Siege Tank  
  84  8:28  Marine  
  84  8:29  Marine  
  86  8:37  Marine x4  
  86  8:39  Starport Reactor  
  90  8:47  Siege Tank, Marine x2  
  95  8:53  SCV  
  95  8:54  Refinery  
  96  8:57  Supply Depot  
  95  9:06  Marine x2  
  94  9:12  Marine x3  
  94  9:13  Marine  
  94  9:14  Orbital Command  
  98  9:19  Siege Tank, Armory  
  98  9:20  Engineering Bay  
  98  9:24  Marine x3  
  101  9:31  Marine x3  
  104  9:35  Marine x2  
  105  9:46  SCV x2  
  105  9:50  Refinery  
Tags
 
Composition
MMM BioMMM Bio
Matchup
TvT
Race
Terran
Spawn Locations
Cross Positions
Add a new tag
Caveats
  • Supply blocks, unpowered buildings, or Contaminate may cause inaccurate times.
  • Supply counts are checked every 10 seconds.